Map: 2000 Atmospheres LE

Players

Pumba - Winner!

  • Race: Zerg Zerg
  • League: Diamond
  • Spawn Location: 7:00

MercyPlease

  • Race: Terran Terran
  • League: Diamond
  • Spawn Location: 3:00

VOD

Have the link to the VOD?

Description

Time

  • Played on: Aug. 17, 2021, 5:41 p.m.
  • Length: 10:02
Show
View Real Time Build Order
Export as new Build Order

Pumba Zerg - Winner!

Build Orders: Pool First 

Get SALT Encoding   

  12  0:02  Drone  
  13  0:13  Overlord  
  13  0:17  Drone  
  14  0:32  Drone x2  
  16  0:39  Drone  
  17  0:45  Spawning Pool  
  17  0:48  Drone  
  17  1:10  Hatchery  
  16  1:12  Drone  
  16  1:15  Drone  
  18  1:19  Drone  
  18  1:23  Extractor  
  18  1:32  Queen  
  20  1:34  Zergling x2  
  21  1:41  Drone  
  22  1:51  Overlord  
  22  2:09  Queen  
  22  2:15  Drone x2  
  25  2:23  Drone  
  25  2:24  Drone  
  25  2:25  Metabolic Boost  
  27  2:34  Drone  
  27  2:35  Drone  
  29  2:43  Drone  
  30  2:46  Drone x3  
  30  2:50  Hatchery  
  32  2:54  Queen  
  34  2:59  Overlord  
  34  3:05  Zergling x2  
  35  3:10  Drone  
  36  3:13  Overlord  
  36  3:20  Drone x6  
  42  3:29  Drone x2  
  42  3:30  Overlord  
  44  3:52  Drone x8  
  52  3:56  Drone  
  53  4:06  Overlord  
  53  4:07  Overlord  
  53  4:09  Zergling x6  
  56  4:14  Queen  
  59  4:17  Zergling x2  
  59  4:19  Overlord  
  59  4:31  Spore Crawler  
  58  4:32  Spore Crawler  
  58  4:35  Drone x5  
  62  4:40  Roach Warren  
  62  4:41  Drone  
  62  4:42  Extractor  
  62  4:43  Extractor  
  62  4:44  Extractor  
  59  4:50  Drone x3  
  58  5:03  Lair  
  58  5:05  Drone x3  
  61  5:10  Drone x3  
  61  5:12  Drone x2  
  61  5:13  Drone  
  67  5:16  Drone x2  
  67  5:18  Overlord x2  
  69  5:36  Zergling x2  
  69  5:42  Drone x2  
  72  5:43  Drone x7  
  72  5:45  Overlord x3  
  72  5:48  Extractor x2  
  77  5:52  Evolution Chamber  
  77  5:54  Evolution Chamber  
  75  6:12  Roach x12  
  75  6:13  Overlord x3  
  99  6:21  Zerg Ground Armor Level 1, Zerg Missile Weapons Level 1  
  99  6:22  Glial Reconstitution  
  99  6:28  Hydralisk Den  
  99  6:31  Drone  
  98  6:34  Drone x2  
  98  6:36  Overlord x2  
  98  6:38  Overseer  
  100  6:50  Roach x9  
  118  7:11  Overlord x2  
  118  7:12  Overseer, Overlord  
  118  7:15  Roach x4  
  126  7:20  Roach x9  
  126  7:21  Roach  
  145  7:41  Grooved Spines  
  145  7:44  Hydralisk x6  
  144  7:47  Roach  
  158  7:55  Overlord x2  
  158  7:56  Hydralisk x8  
  174  8:17  Hydralisk x8  
  188  8:27  Queen  
  190  9:04  Extractor  
  190  9:07  Hatchery  
  188  9:10  Overlord  
  188  9:12  Extractor  
  175  9:32  Hydralisk x8  
  175  9:33  Hydralisk x4  
Show
View Real Time Build Order
Export as new Build Order

MercyPlease Terran 

Build Orders: Reaper Expand 

Get SALT Encoding   

  12  0:00  SCV  
  13  0:12  SCV  
  14  0:18  Supply Depot  
  14  0:25  SCV  
  15  0:39  SCV  
  15  0:41  Barracks  
  16  0:47  Refinery  
  16  0:52  SCV  
  17  1:04  SCV  
  19  1:18  SCV  
  19  1:30  Reaper  
  19  1:31  Orbital Command  
  20  1:43  Command Center  
  20  1:57  SCV  
  21  2:04  Marine  
  21  2:05  Supply Depot  
  22  2:12  SCV  
  22  2:24  Barracks Reactor, SCV  
  23  2:31  Factory  
  23  2:38  SCV  
  24  2:46  Command Center  
  24  2:50  SCV  
  25  2:55  Orbital Command  
  25  3:03  SCV  
  26  3:17  SCV, Barracks Tech Lab  
  27  3:22  Hellion x2  
  31  3:29  SCV x2  
  31  3:32  Refinery  
  33  3:36  Starport  
  33  3:41  SCV  
  34  3:46  SCV  
  38  3:48  Hellion x2  
  38  3:54  SCV  
  39  4:00  Orbital Command  
  39  4:17  Barracks Tech Lab  
  39  4:21  SCV x2  
  39  4:22  Starport Tech Lab  
  41  4:30  SCV  
  42  4:36  SCV x2, Barracks  
  42  4:38  Barracks  
  44  4:39  Refinery  
  44  4:44  Engineering Bay, SCV  
  45  4:45  Engineering Bay  
  45  4:48  Marine x2  
  47  4:57  SCV x2  
  47  4:58  SCV  
  46  5:05  Marine  
  46  5:06  Marine  
  44  5:12  Barracks  
  44  5:13  SCV  
  44  5:14  SCV  
  46  5:15  Barracks  
  46  5:16  Factory Reactor, Starport Reactor  
  46  5:19  Terran Infantry Weapons Level 1  
  46  5:20  Terran Infantry Armor Level 1  
  46  5:21  SCV  
  46  5:24  Refinery  
  47  5:30  SCV  
  47  5:31  Supply Depot, SCV  
  49  5:37  SCV  
  49  5:42  SCV  
  51  5:43  Stimpack  
  51  5:44  Marine x3  
  51  5:46  SCV  
  55  5:51  SCV  
  55  5:54  Medivac  
  55  5:55  Medivac  
  63  6:02  SCV, Combat Shield, Marine x2  
  62  6:05  SCV  
  62  6:06  SCV, Factory Reactor, Marine x2  
  62  6:08  Marine  
  66  6:15  SCV  
  67  6:19  Supply Depot  
  67  6:20  Supply Depot  
  67  6:21  Marine x2  
  69  6:38  Orbital Command  
  69  6:40  SCV, Marine x5  
  69  6:41  Supply Depot  
  69  6:42  Refinery  
  75  6:47  SCV  
  75  6:52  Medivac x2  
  75  6:54  Supply Depot  
  80  6:57  Widow Mine x2  
  80  6:58  Marine  
  80  6:59  Armory  
  85  7:02  Marine x3  
  85  7:07  SCV x3  
  85  7:08  Refinery, Marine  
  92  7:16  Marine  
  92  7:17  Factory  
  92  7:19  SCV  
  92  7:20  Marine x3  
  92  7:21  SCV x2  
  99  7:26  Marine  
  100  7:31  SCV  
  101  7:43  Marine  
  101  7:45  Marine  
  101  7:46  Marine x2  
  101  7:47  Marine  
  100  7:58  Widow Mine  
  101  8:01  Marine  
  101  8:06  Supply Depot, Command Center  
  101  8:08  Terran Vehicle Weapons Level 1, Barracks  
  101  8:10  Barracks, Medivac, Widow Mine, Marine x4  
  109  8:27  SCV, Marine x2  
  109  8:28  SCV x2, Medivac, Marauder  
  117  8:45  Bunker  
  117  8:47  Factory Tech Lab  
  117  8:56  Marine  
  117  8:57  Marine  
  117  8:58  Sensor Tower, Widow Mine, Marine x2, Marauder  
  117  9:05  Supply Depot  
  117  9:06  Supply Depot  
  117  9:07  Barracks Tech Lab  
  117  9:08  Barracks Reactor, Supply Depot  
  117  9:11  Factory  
  117  9:14  SCV, Medivac  
  117  9:15  SCV, Marauder  
  117  9:17  Concussive Shells  
  117  9:18  SCV, Medivac, Widow Mine, Marine x3  
  117  9:20  Marauder  
  122  9:27  Marine  
  105  9:35  Marine x4  
  91  9:41  Marine  
Tags
 
Add a new tag
Caveats
  • Supply blocks, unpowered buildings, or Contaminate may cause inaccurate times.
  • Supply counts are checked every 10 seconds.